General information
- name: BNet
- type: Ladder team game (AT/RT)
- host: Battle.net
- saver: ToweredCoward
map: Deadlands
- players: 8
- length: 57:12
- speed: Fast
- version: 1.26 W3XP
- replay type: Public
» download(282 KB)
Players
team 1 (loser)
White_Mystery (
purple | 35 APM | 1987 actions | 57:12)
8 Warden
3 Shadow Strike
3 Blink
1 Spirit of Vengeance
1 Fan of Knives
» actions
| Basic commands | 34 | |
| Build / train | 92 | |
| Enter build submenu | 22 | |
| Enter hero's abilities submenu | 9 | |
| Give item / drop item | 5 | |
| Remove unit from queue | 12 | |
| Right click | 988 | |
| Select / deselect | 730 | |
| Use ability | 94 | |
1987 total
» units
| Wisp | 21 | |
| Archer | -1 | |
| Chimaera | 5 | |
| Glaive Thrower | 14 | |
| Hippogryph | 8 | |
| Troll Batrider | 10 | |
57 total
» upgrades
| Reinforced Hides | 2 | |
| Strength of the Wild | 3 | |
| Corrosive Breath | 1 | |
| Well Spring | 1 | |
| Vorpal Blades | 1 | |
| Strength of the Moon | 1 | |
| Spiked Barricades | 1 | |
10 total
» buildings
| Altar of Elders | 1 | |
| Moon Well | 8 | |
| Ancient of War | 2 | |
| Ancient of Wonders | 1 | |
| Tree of Ages | 1 | |
| Hunter's Hall | 1 | |
| Tree of Eternity | 1 | |
| Ancient of Wind | 2 | |
| Chimaera Roost | 3 | |
| Guard Tower | | |
| Tree of Life | 5 | |
25 total
» build order
00:08 Altar of Elders
00:10 Moon Well
01:10 Ancient of War
01:38 Moon Well
02:10 Ancient of Wonders
02:50 Moon Well
03:24 Tree of Ages
04:10 Moon Well
04:25 Hunter's Hall
05:22 Moon Well
06:00 Tree of Eternity
06:02 Ancient of Wind
06:37 Moon Well
07:34 Moon Well
07:35 Moon Well
08:29 Chimaera Roost
08:30 Chimaera Roost
08:31 Chimaera Roost
13:54 Tree of Life
16:48 Ancient of War
26:17 Tree of Life
32:18 Ancient of Wind
38:08 Tree of Life
42:06 Tree of Life
52:10 Tree of Life
» items
| Healing Salve | 1 | |
| Lesser Clarity Potion | 1 | |
| Orb of Venom | 1 | |
| Boots of Speed | 1 | |
| Anti-magic Potion | 1 | |
| Potion of Lesser Invulnerability | 1 | |
6 total

»
Rusty-Kettle (
teal | 64 APM | 3662 actions | 57:11)
7 Keeper of the Grove
3 Force of Nature
3 Thorns Aura
1 Tranquility
6 Priestess of the Moon
3 Trueshot Aura
2 Searing Arrows
1 Starfall
» actions
| Assign group hotkey | 39 | |
| Basic commands | 23 | |
| Build / train | 147 | |
| Enter build submenu | 42 | |
| Enter hero's abilities submenu | 13 | |
| Give item / drop item | 4 | |
| Remove unit from queue | 2 | |
| Right click | 1572 | |
| Select / deselect | 651 | |
| Select group hotkey | 1051 | |
| Use ability | 118 | |
3662 total
» units
| Wisp | 33 | |
| Archer | 33 | |
| Hippogryph | 18 | |
84 total
» upgrades
| Strength of the Moon | 3 | |
| Moon Armor | 3 | |
| Improved Bows | 1 | |
| Hippogryph Taming | 1 | |
| Strength of the Wild | 3 | |
| Reinforced Hides | 3 | |
| Well Spring | 1 | |
| Marksmanship | 1 | |
| Ultravision | 1 | |
| Druid of the Talon Training | 2 | |
| Upgrade Moon Glaive | 1 | |
| Sentinel | 1 | |
| Vorpal Blades | 1 | |
| Abolish Magic | 1 | |
| Druid of the Claw Training | 2 | |
| Corrosive Breath | 1 | |
| Nature's Blessing | 1 | |
| Mark of the Talon | 1 | |
| Mark of the Claw | 1 | |
| Resistant Skin | 1 | |
| Hardened Skin | 1 | |
| Backpack | 1 | |
32 total
» buildings
| Altar of Elders | 2 | |
| Moon Well | 14 | |
| Ancient of War | 2 | |
| Hunter's Hall | 2 | |
| Tree of Ages | 4 | |
| Tree of Life | 8 | |
| Ancient of Wind | 4 | |
| Tree of Eternity | 4 | |
| Ancient of Wonders | 3 | |
| Ancient of Lore | 1 | |
| Chimaera Roost | 1 | |
45 total
» build order
00:08 Altar of Elders
00:12 Moon Well
00:40 Ancient of War
01:26 Moon Well
02:09 Hunter's Hall
02:50 Moon Well
03:54 Tree of Ages
04:24 Tree of Life
04:38 Moon Well
06:49 Ancient of Wind
07:31 Ancient of Wind
07:45 Moon Well
08:59 Tree of Eternity
10:24 Moon Well
16:29 Ancient of Wonders
17:04 Tree of Life
17:18 Ancient of Wonders
22:05 Tree of Life
26:31 Tree of Life
26:37 Tree of Life
27:49 Tree of Life
31:32 Moon Well
31:37 Moon Well
31:45 Moon Well
32:46 Moon Well
33:29 Tree of Ages
33:34 Moon Well
33:38 Moon Well
34:05 Moon Well
34:10 Moon Well
35:01 Hunter's Hall
36:04 Ancient of War
36:10 Ancient of Wind
36:14 Ancient of Wind
37:48 Altar of Elders
39:08 Tree of Life
43:07 Tree of Eternity
50:54 Tree of Life
52:50 Tree of Ages
52:52 Tree of Ages
52:57 Ancient of Lore
53:01 Chimaera Roost
55:16 Tree of Eternity
55:54 Ancient of Wonders
56:21 Tree of Eternity
» items
| Healing Salve | 2 | |
| Lesser Clarity Potion | 1 | |
| Scroll of Town Portal | 3 | |
6 total

»
inbeforelock (
orange | 53 APM | 3018 actions | 57:11)
5 Keeper of the Grove
3 Entangling Roots
2 Thorns Aura
6 Demon Hunter
2 Mana Burn
3 Evasion
1 Metamorphosis
» actions
| Assign group hotkey | 10 | |
| Basic commands | 26 | |
| Build / train | 124 | |
| Enter build submenu | 46 | |
| Enter hero's abilities submenu | 12 | |
| Give item / drop item | 2 | |
| Remove unit from queue | 10 | |
| Right click | 1888 | |
| Select / deselect | 735 | |
| Select group hotkey | 34 | |
| Use ability | 130 | |
3018 total
» units
| Wisp | 31 | |
| Archer | 2 | |
| Dryad | 7 | |
| Druid of the Claw | 3 | |
| Glaive Thrower | 2 | |
| Hippogryph | 9 | |
| Chimaera | 4 | |
| Mountain Giant | 9 | |
67 total
» upgrades
| Strength of the Wild | 3 | |
| Druid of the Claw Training | 2 | |
| Reinforced Hides | 3 | |
| Mark of the Claw | 1 | |
| Abolish Magic | 1 | |
| Resistant Skin | 1 | |
| Corrosive Breath | 1 | |
| Hardened Skin | 1 | |
13 total
» buildings
| Altar of Elders | 2 | |
| Moon Well | 19 | |
| Ancient of War | 4 | |
| Tree of Ages | 9 | |
| Hunter's Hall | 2 | |
| Ancient of Lore | 6 | |
| Tree of Eternity | 2 | |
| Ancient of Wonders | 2 | |
| Tree of Life | 7 | |
| Ancient of Wind | 1 | |
| Chimaera Roost | 3 | |
57 total
» build order
00:10 Altar of Elders
00:25 Moon Well
00:55 Ancient of War
02:03 Moon Well
02:31 Tree of Ages
02:31 Tree of Ages
02:31 Tree of Ages
03:51 Hunter's Hall
03:54 Moon Well
05:33 Ancient of Lore
05:36 Ancient of Lore
07:11 Tree of Eternity
07:28 Ancient of Wonders
07:31 Ancient of Lore
08:06 Tree of Life
12:07 Moon Well
12:07 Moon Well
12:10 Moon Well
12:10 Moon Well
13:11 Tree of Life
14:03 Moon Well
16:29 Ancient of Wonders
17:49 Tree of Life
18:56 Tree of Life
23:47 Tree of Life
23:53 Ancient of War
26:54 Tree of Life
28:41 Moon Well
28:41 Moon Well
28:43 Moon Well
28:44 Moon Well
28:47 Moon Well
28:47 Moon Well
30:03 Tree of Ages
30:03 Tree of Ages
30:04 Tree of Ages
30:53 Ancient of War
30:55 Ancient of War
31:52 Moon Well
31:53 Moon Well
31:54 Moon Well
31:55 Moon Well
33:15 Altar of Elders
33:17 Hunter's Hall
33:20 Tree of Ages
34:32 Tree of Eternity
34:36 Ancient of Wind
37:57 Chimaera Roost
37:57 Chimaera Roost
37:58 Chimaera Roost
38:54 Ancient of Lore
41:30 Ancient of Lore
41:34 Ancient of Lore
43:50 Tree of Life
» items
| Potion of Healing | 1 | |
| Staff of Preservation | 1 | |
| Scroll of Town Portal | 2 | |
| Potion of Lesser Invulnerability | 1 | |
| Boots of Speed | 1 | |
6 total

»
Polarbears2 (
red | 49 APM | 1497 actions | 30:41)
4 Blademaster
2 Wind Walk
2 Critical Strike
3 Far Seer
2 Chain Lighting
1 Feral Spirit
1 Shadow Hunter
1 Healing Wave
» actions
| Assign group hotkey | 38 | |
| Basic commands | 152 | |
| Build / train | 78 | |
| ESC pressed | 2 | |
| Enter build submenu | 19 | |
| Enter hero's abilities submenu | 8 | |
| Give item / drop item | 15 | |
| Right click | 465 | |
| Select / deselect | 264 | |
| Select group hotkey | 381 | |
| Use ability | 75 | |
1497 total
» units
| Peon | 9 | |
| Raider | 5 | |
| Wind Rider | 10 | |
| Kodo Beast | 1 | |
| Goblin Shredder | 1 | |
26 total
» upgrades
| Armor | 2 | |
| Ensnare | 1 | |
| Pillage | 1 | |
| Melee Weapons | 3 | |
| Reinforced Defenses | 1 | |
| War Drums Damage Increase | 1 | |
| Ranged Weapons | 2 | |
| Envenomed Spears | 1 | |
12 total
» buildings
| Altar of Storms | 1 | |
| Orc Burrow | 5 | |
| Stronghold | 3 | |
| Voodoo Lounge | 1 | |
| War Mill | 1 | |
| Beastiary | 1 | |
| Fortress | 1 | |
| Great Hall | 4 | |
| Watch Tower | 3 | |
20 total
» build order
00:11 Altar of Storms
00:14 Orc Burrow
01:34 Stronghold
01:35 Stronghold
01:48 Voodoo Lounge
02:10 War Mill
02:21 Orc Burrow
03:29 Orc Burrow
04:11 Beastiary
08:22 Orc Burrow
10:23 Fortress
11:26 Great Hall
11:51 Watch Tower
12:51 Orc Burrow
12:55 Watch Tower
12:56 Watch Tower
17:36 Great Hall
18:28 Great Hall
22:19 Great Hall
22:40 Stronghold
» items
| Potion of Healing | 3 | |
| Healing Salve | 6 | |
| Lesser Clarity Potion | 6 | |
| Scroll of Speed | 2 | |
| Orb of Lightning | 1 | |
| Orb of Venom | 4 | |
| Staff of Preservation | 3 | |
25 total
team 2 (winner)

»
snipazz (
blue | 38 APM | 569 actions | 15:09)
5 Death Knight
3 Death Coil
2 Death Pact
» actions
| Assign group hotkey | 13 | |
| Build / train | 61 | |
| Enter build submenu | 15 | |
| Enter hero's abilities submenu | 5 | |
| Give item / drop item | 4 | |
| Right click | 257 | |
| Select / deselect | 128 | |
| Select group hotkey | 52 | |
| Use ability | 34 | |
569 total
» units
| Acolyte | 2 | |
| Ghoul | 4 | |
| Crypt Fiend | 19 | |
| Peasant | 6 | |
| Frost Wyrm | 2 | |
| Knight | 6 | |
39 total
» upgrades
| Creature Attack | 2 | |
| Web | 1 | |
| Freezing Breath | 1 | |
| Animal War Training | 1 | |
5 total
» buildings
| Crypt | 1 | |
| Ziggurat | 5 | |
| Graveyard | 1 | |
| Altar of Darkness | 1 | |
| Tomb of Relics | 1 | |
| Halls of the Dead | 2 | |
| Black Citadel | 1 | |
| Sacrificial Pit | 1 | |
| Castle | 1 | |
| Boneyard | 1 | |
| Farm | 5 | |
20 total
» build order
00:29 Crypt
00:34 Ziggurat
00:47 Graveyard
01:14 Altar of Darkness
01:26 Ziggurat
02:43 Ziggurat
03:23 Tomb of Relics
04:09 Halls of the Dead
04:10 Halls of the Dead
05:19 Ziggurat
06:14 Ziggurat
07:09 Black Citadel
07:37 Sacrificial Pit
10:36 Castle
11:08 Boneyard
13:15 Farm
13:16 Farm
13:17 Farm
13:18 Farm
13:20 Farm
» items
| Potion of Healing | 2 | |
| Scroll of Town Portal | 1 | |
| Potion of Mana | 3 | |
| Scroll of Healing | 1 | |
7 total

»
WuiChO (
green | 55 APM | 546 actions | 10:00)
3 Archmage
2 Summon Water Elemental
1 Blizzard
» actions
| Assign group hotkey | 12 | |
| Basic commands | 7 | |
| Build / train | 31 | |
| Enter build submenu | 14 | |
| Enter hero's abilities submenu | 3 | |
| Right click | 191 | |
| Select / deselect | 153 | |
| Select group hotkey | 107 | |
| Use ability | 28 | |
546 total
» units
| Peasant | 11 | |
| Footman | 9 | |
| Rifleman | 3 | |
| Draenei Darkslayer | 1 | |
24 total
» upgrades
» buildings
| Farm | 7 | |
| Altar of Kings | 1 | |
| Lumber Mill | 1 | |
| Barracks | 2 | |
| Keep | 1 | |
| Blacksmith | 1 | |
| Town Hall | 1 | |
| Arcane Sanctum | 1 | |
15 total
» build order
00:05 Farm
00:08 Altar of Kings
00:50 Lumber Mill
01:19 Barracks
01:32 Farm
02:18 Barracks
02:32 Farm
03:09 Farm
06:00 Keep
06:06 Blacksmith
06:17 Farm
06:48 Town Hall
07:03 Farm
07:51 Farm
09:18 Arcane Sanctum

»
Noble_Mercy (
yellow | 34 APM | 524 actions | 15:12)
4 Keeper of the Grove
2 Entangling Roots
2 Thorns Aura
» actions
| Assign group hotkey | 1 | |
| Build / train | 47 | |
| Enter build submenu | 16 | |
| Enter hero's abilities submenu | 4 | |
| Give item / drop item | 2 | |
| Right click | 256 | |
| Select / deselect | 161 | |
| Select group hotkey | 1 | |
| Use ability | 36 | |
524 total
» units
| Wisp | 14 | |
| Archer | 8 | |
| Hippogryph | 8 | |
| Chimaera | 4 | |
34 total
» upgrades
| Ultravision | 1 | |
| Strength of the Wild | 2 | |
| Reinforced Hides | 2 | |
| Corrosive Breath | 1 | |
6 total
» buildings
| Altar of Elders | 1 | |
| Moon Well | 8 | |
| Ancient of War | 1 | |
| Hunter's Hall | 1 | |
| Tree of Ages | 1 | |
| Ancient of Wonders | 1 | |
| Tree of Eternity | 1 | |
| Ancient of Wind | 1 | |
| Chimaera Roost | 2 | |
17 total
» build order
00:05 Altar of Elders
00:09 Moon Well
01:06 Ancient of War
01:53 Hunter's Hall
02:14 Moon Well
02:30 Moon Well
03:11 Moon Well
03:22 Tree of Ages
05:00 Moon Well
05:29 Ancient of Wonders
05:49 Tree of Eternity
06:39 Ancient of Wind
08:13 Chimaera Roost
08:17 Chimaera Roost
10:39 Moon Well
13:22 Moon Well
15:05 Moon Well
ToweredCoward (
pink | 53 APM | 3007 actions | 57:12)
1 Archmage
1 Brilliance Aura
5 Death Knight
3 Unholy Aura
1 Death Pact
1 Animate Dead
» actions
| Assign group hotkey | 211 | |
| Basic commands | 55 | |
| Build / train | 131 | |
| Enter build submenu | 95 | |
| Enter hero's abilities submenu | 6 | |
| Give item / drop item | 4 | |
| Remove unit from queue | 5 | |
| Right click | 1597 | |
| Select / deselect | 509 | |
| Select group hotkey | 130 | |
| Use ability | 264 | |
3007 total
» units
| Peasant | 20 | |
| Goblin Shredder | 2 | |
| Rifleman | 2 | |
| Frost Wyrm | 5 | |
| Dragonhawk Rider | 5 | |
| Acolyte | 7 | |
41 total
» upgrades
| Masonry | 2 | |
| Gunpowder | 1 | |
| Creature Attack | 1 | |
| Creature Carapace | 2 | |
| Swords | 1 | |
| Armor | 1 | |
8 total
» buildings
| Farm | 19 | |
| Scout Tower | 123 | |
| Arcane Tower | 2 | |
| Lumber Mill | 3 | |
| Guard Tower | 46 | |
| Town Hall | 4 | |
| Keep | 2 | |
| Moon Well | 2 | |
| Tree of Life | 1 | |
| Altar of Kings | 1 | |
| Spirit Tower | 3 | |
| Necropolis | 1 | |
| Halls of the Dead | 1 | |
| Arcane Vault | 2 | |
| Ziggurat | 5 | |
| Gryphon Aviary | 8 | |
| Blacksmith | 2 | |
225 total
» build order
01:23 Farm
01:44 Farm
01:47 Scout Tower
01:49 Scout Tower
01:53 Farm
01:55 Scout Tower
02:25 Arcane Tower
02:30 Lumber Mill
02:52 Guard Tower
02:58 Farm
02:58 Farm
02:59 Farm
03:03 Scout Tower
03:04 Scout Tower
03:04 Scout Tower
03:05 Scout Tower
04:10 Scout Tower
04:12 Scout Tower
04:21 Scout Tower
04:24 Scout Tower
04:24 Scout Tower
04:25 Scout Tower
04:27 Scout Tower
04:28 Scout Tower
04:29 Scout Tower
04:31 Scout Tower
04:32 Scout Tower
04:33 Scout Tower
04:35 Scout Tower
04:36 Scout Tower
04:38 Scout Tower
04:39 Scout Tower
04:40 Scout Tower
04:41 Scout Tower
04:44 Guard Tower
04:48 Guard Tower
05:03 Guard Tower
05:03 Guard Tower
05:03 Guard Tower
05:03 Guard Tower
05:05 Guard Tower
05:05 Guard Tower
05:05 Guard Tower
05:13 Guard Tower
05:31 Guard Tower
05:38 Guard Tower
05:47 Guard Tower
05:53 Scout Tower
05:55 Scout Tower
05:57 Scout Tower
05:58 Scout Tower
06:02 Guard Tower
06:03 Guard Tower
06:07 Guard Tower
08:23 Town Hall
08:27 Town Hall
08:33 Scout Tower
08:33 Scout Tower
08:33 Scout Tower
08:34 Scout Tower
08:34 Scout Tower
08:43 Scout Tower
08:43 Scout Tower
08:44 Scout Tower
08:45 Scout Tower
08:45 Scout Tower
09:13 Guard Tower
09:21 Guard Tower
09:31 Guard Tower
09:51 Guard Tower
10:57 Scout Tower
10:58 Scout Tower
11:01 Scout Tower
11:08 Scout Tower
11:11 Scout Tower
11:12 Scout Tower
11:14 Scout Tower
11:15 Scout Tower
11:16 Scout Tower
11:16 Scout Tower
11:17 Scout Tower
11:18 Scout Tower
11:19 Scout Tower
11:20 Scout Tower
11:21 Scout Tower
11:22 Scout Tower
12:00 Scout Tower
12:01 Scout Tower
12:01 Scout Tower
12:02 Scout Tower
12:03 Scout Tower
12:04 Scout Tower
12:04 Scout Tower
12:04 Scout Tower
12:11 Guard Tower
12:18 Farm
12:23 Scout Tower
12:25 Scout Tower
12:33 Scout Tower
12:34 Scout Tower
12:37 Scout Tower
12:50 Scout Tower
12:50 Scout Tower
12:50 Scout Tower
12:57 Keep
13:01 Scout Tower
13:02 Scout Tower
13:03 Scout Tower
13:05 Guard Tower
13:18 Lumber Mill
13:43 Guard Tower
14:08 Scout Tower
14:08 Scout Tower
14:09 Scout Tower
14:15 Guard Tower
14:16 Guard Tower
14:30 Scout Tower
14:31 Scout Tower
14:31 Scout Tower
14:35 Guard Tower
14:35 Guard Tower
14:35 Guard Tower
14:36 Guard Tower
16:13 Guard Tower
16:16 Guard Tower
16:16 Guard Tower
16:22 Scout Tower
16:23 Scout Tower
16:24 Scout Tower
16:25 Scout Tower
16:25 Scout Tower
16:26 Scout Tower
16:27 Scout Tower
16:27 Scout Tower
16:28 Scout Tower
16:28 Scout Tower
16:33 Guard Tower
17:34 Moon Well
17:48 Moon Well
18:06 Scout Tower
18:07 Scout Tower
18:07 Scout Tower
18:08 Scout Tower
18:08 Scout Tower
18:09 Scout Tower
18:10 Scout Tower
18:11 Scout Tower
18:11 Scout Tower
18:12 Scout Tower
18:13 Scout Tower
18:14 Scout Tower
18:15 Scout Tower
18:16 Scout Tower
18:16 Scout Tower
18:18 Scout Tower
18:21 Scout Tower
18:24 Guard Tower
18:33 Tree of Life
18:38 Guard Tower
18:42 Guard Tower
18:47 Altar of Kings
19:09 Guard Tower
19:34 Guard Tower
20:19 Spirit Tower
21:55 Lumber Mill
22:02 Necropolis
22:06 Arcane Tower
23:04 Scout Tower
23:06 Scout Tower
23:07 Scout Tower
23:09 Scout Tower
23:09 Scout Tower
23:10 Scout Tower
23:11 Scout Tower
23:12 Scout Tower
23:12 Scout Tower
23:15 Scout Tower
23:16 Scout Tower
23:17 Scout Tower
23:18 Scout Tower
23:20 Scout Tower
23:21 Scout Tower
23:22 Scout Tower
23:31 Keep
23:55 Halls of the Dead
24:03 Guard Tower
24:10 Guard Tower
24:34 Guard Tower
24:37 Guard Tower
25:04 Arcane Vault
25:38 Ziggurat
25:39 Ziggurat
25:39 Ziggurat
25:41 Ziggurat
25:42 Ziggurat
25:52 Town Hall
26:06 Gryphon Aviary
26:06 Gryphon Aviary
26:07 Gryphon Aviary
26:07 Gryphon Aviary
26:13 Farm
26:16 Farm
26:20 Farm
26:21 Farm
26:23 Farm
26:27 Farm
26:28 Farm
26:29 Farm
26:43 Blacksmith
26:46 Blacksmith
27:18 Spirit Tower
29:15 Gryphon Aviary
29:16 Gryphon Aviary
29:35 Gryphon Aviary
29:40 Gryphon Aviary
29:51 Farm
29:52 Farm
29:53 Farm
29:55 Farm
29:58 Spirit Tower
31:25 Arcane Vault
33:07 Town Hall
» items
| Potion of Healing | 2 | |
| Scroll of Healing | 3 | |
| Scroll of Town Portal | 2 | |
| Scroll of Regeneration | 3 | |
| Periapt of Vitality | 1 | |
| Lesser Clarity Potion | 2 | |
| Potion of Invisibility | 4 | |
17 total
Chat log
(00:30 / Allies) ToweredCoward: This is the worst spawn point for me
(00:30 / Allies) Noble_Mercy: chims hipps
(00:39 / Allies) ToweredCoward: God has it out for me, I'm not paranoid
(00:48 / Allies) ToweredCoward: He tried to strike me with lightning just the other day
(00:50 / Allies) Noble_Mercy: ur a bad liar
(00:53 / Allies) ToweredCoward: but I hid in my cardboard box
(01:08 / Allies) ToweredCoward: lightning pretty much never strikes cardboard
(01:18 / Allies) ToweredCoward: so I knew my chances were good that I wouldn't sustain a direct hit
(09:46 / Allies) ToweredCoward: rifles
(09:48 / Allies) ToweredCoward: green
(10:05 / Allies) Noble_Mercy: ?
(10:20 / Allies) ToweredCoward: He's a yellow belly sissy! Biggest coward this side of me!
(10:28 / Allies) Noble_Mercy: lol
(10:32 / Allies) Noble_Mercy: u got him?
(10:46 / Allies) ToweredCoward: Nay sir, in addition to my cowardly qualities I am also QUITE lazy
(11:03 / Allies) snipazz: pink not even getting units
(11:32 / Allies) ToweredCoward: send your forces yellow
(13:29 / Allies) snipazz: back
(13:35 / Allies) ToweredCoward: tp IMO
(15:12 / All) White_Mystery: GTFO
(15:16 / All) ToweredCoward: God I had some real crummy allies
(15:26 / All) ToweredCoward: tired of getting stuck with these noobs
(15:34 / All) White_Mystery: g
(15:34 / All) White_Mystery: t
(15:35 / All) White_Mystery: f
(15:36 / All) White_Mystery: o
(20:41 / All) ToweredCoward: aw
(22:40 / All) Polarbears2: hacker
(22:49 / All) inbeforelock: 1
(24:22 / All) White_Mystery: run bitch run
(26:42 / All) Polarbears2: while u atk me, they are getting stronger
(26:57 / All) inbeforelock: D
(28:11 / All) ToweredCoward: aw
(28:52 / All) White_Mystery: bad move there
(29:03 / All) ToweredCoward: should have built them near the mass of towers
(29:08 / All) White_Mystery: yea
(29:11 / All) White_Mystery: red helped u a lot lol
(29:16 / All) inbeforelock: that is a fuck ton of towers
(30:23 / All) Polarbears2: make catapults u noobs!
(31:15 / All) ToweredCoward: raped nigger
(31:28 / All) White_Mystery: cleaver
(31:30 / All) White_Mystery: well
(31:33 / All) White_Mystery: your 1 for 90
(31:37 / All) White_Mystery: thats not bad
(31:56 / All) ToweredCoward: I'm playing to win
(32:02 / All) White_Mystery: im suure
(32:49 / All) White_Mystery: o darn
(42:00 / All) ToweredCoward: I would have just alt qqed a long time ago if yo uweren't such a copycat faggot
(42:08 / All) White_Mystery: still mad?
(42:10 / All) ToweredCoward: "gtfo" herp derp
(42:16 / All) White_Mystery: u are mad?
(42:17 / All) ToweredCoward: look at my name bud
(42:24 / All) White_Mystery: qq more
(42:28 / All) ToweredCoward: You bad?
(42:33 / All) White_Mystery: i won?
(42:37 / All) ToweredCoward: I'm just saying you lost 30 minutes of your team
(42:43 / All) White_Mystery: not to worried
(42:50 / All) ToweredCoward: for being a doucebag combatex wannabe
(43:03 / All) White_Mystery: lol ?
(43:08 / All) White_Mystery: u can leave when your ready
(43:17 / All) ToweredCoward: Not leaving till you kill every last building
(43:23 / All) White_Mystery: sounds good
(43:35 / All) White_Mystery: i got all the time in the world
(44:05 / All) ToweredCoward: Your cocky to lack of skill ratio is the highest I've yet encountered
(44:33 / All) White_Mystery: hey got to start somewhere
(44:49 / All) White_Mystery: and if pwning u gets me one more win im happy
(46:19 / All) ToweredCoward: You are so bad with warden too
(46:26 / All) ToweredCoward: I solo just warden on kalimdor and beat gooks
(46:31 / All) White_Mystery: your so bad at warcraft
(46:33 / All) ToweredCoward: LOL
(46:41 / All) White_Mystery: something funny?
(46:43 / All) ToweredCoward: yeah
(46:49 / All) White_Mystery: please share
(46:50 / All) ToweredCoward: You play to win
(46:51 / All) ToweredCoward: alwaays
(46:54 / All) ToweredCoward: you are a faggot
(47:12 / All) ToweredCoward: you play for a record
(47:17 / All) ToweredCoward: on a decade old game
(47:22 / All) ToweredCoward: You're a fucking twink
(47:26 / All) White_Mystery: i dont play for record
(47:29 / All) ToweredCoward: Yes you do
(47:32 / All) White_Mystery: i play for the joy of people like u
(47:49 / All) ToweredCoward: Ask your teammate if he thinks you are good
(48:01 / All) White_Mystery: oj and teal?
(48:02 / All) ToweredCoward: oh you got 2 still
(48:22 / All) inbeforelock: idk but pink is pretty good
(48:31 / All) ToweredCoward: :)
(48:33 / All) inbeforelock: this is the most impressive tower defense ive ever seen
(48:34 / All) White_Mystery: we teamkilled red the whole game
(48:41 / All) ToweredCoward: No yo udidn't
(48:45 / All) White_Mystery: he had a chance to do this
(48:47 / All) ToweredCoward: He killed my tree
(48:51 / All) White_Mystery: wowowowo
(48:55 / All) White_Mystery: your tree
(48:58 / All) White_Mystery: your human
(50:02 / All) White_Mystery: tp
(50:05 / All) White_Mystery: do it
(50:41 / All) ToweredCoward: lol you aren't gonna kill this hero
(50:50 / All) White_Mystery: maybe
(50:52 / All) White_Mystery: maybe not
(51:57 / All) ToweredCoward: Oh
(52:01 / All) ToweredCoward: I thought this DK had corruption
(52:05 / All) ToweredCoward: it has venom
(52:09 / All) ToweredCoward: venom sucks
(52:51 / All) ToweredCoward: Lord Maldazzar lives to fight another day
(53:01 / All) White_Mystery: and 0 fucks were given
(53:12 / All) ToweredCoward: I gave a fuck, Lord Maldazzar is my hero
(53:25 / All) White_Mystery: thats the sad truth
(53:41 / All) White_Mystery: well
(53:44 / All) White_Mystery: gtfo pussy
(53:53 / All) ToweredCoward: SCII sucks bad mannered is "gtfo" nowadays
(54:12 / All) ToweredCoward: Shit talk was a lot better before SC@
(54:16 / All) White_Mystery: gtfo
(54:32 / All) ToweredCoward: Before SCII and 4chan
(55:15 / All) ToweredCoward: 4chan is crawling with unfunny high school kids like purple
(55:24 / All) White_Mystery: and yet
(55:27 / All) ToweredCoward: just regurgitating the memes there
(55:28 / All) White_Mystery: 0 fucks are still given
(56:16 / All) inbeforelock: hide and seek
(56:22 / All) ToweredCoward: Red killed the tree
(56:28 / All) ToweredCoward: and the moonwell in your base
(56:35 / All) ToweredCoward: and the wisp that built the moonwell
(56:38 / All) White_Mystery: still
(56:39 / All) ToweredCoward: he saved you a lot of time really
(56:40 / All) White_Mystery: 0
(56:41 / All) White_Mystery: fucks
(56:43 / All) White_Mystery: given
(56:53 / All) ToweredCoward: In my day people took pride in crafting their own OC
(57:04 / All) inbeforelock: gg
(57:11 / All) White_Mystery: gtfo